XFBL
MINNESOTA TWINS @ NEW YORK YANKEES
08/25/1982
 
TOP OF THE 1ST
Minnesota Twins batting - Pitching for New York Yankees : RHP Mike Parrott
Pitching: RHP Mike Parrott
Batting: RHB Lee Lacy 0-0: Ball
1-0: Called Strike
1-1: Swinging Strike
1-2: Ground out 6-3 (Groundball, 6MS, EV 90.0 MPH)
Batting: LHB Lloyd Moseby 0-0: Ball
1-0: Foul Ball, location: 2F
1-1: Ball
2-1: SINGLE (Groundball, 56D, EV 108.8 MPH)
Batting: RHB Steve Brye 0-0: Ball
1-0: Foul Ball, location: 2F
1-1: Ball
2-1: Ball
3-1: Called Strike
3-2: Foul Ball, location: 2F
3-2: Foul Ball, location: 2F
3-2: Strikes out swinging
Batting: RHB Randy Edwards 0-0: Ball
Lloyd Moseby is caught stealing 2nd base 2-4
Top of the 1st over - 0 runs, 1 hit, 0 errors, 0 left on base; Minnesota 0 - New York 0
BOTTOM OF THE 1ST
New York Yankees batting - Pitching for Minnesota Twins : RHP John Martin
Pitching: RHP John Martin
Batting: LHB Wade Boggs 0-0: Called Strike
0-1: Ball
1-1: Fly out, F8 (Flyball, 8LD, EV 85.6 MPH)
Batting: SHB Willie Wilson 0-0: Foul Ball, location: 2F
0-1: Fly out, F8 (Line Drive, 8LD, EV 96.9 MPH)
Batting: LHB Kent Hrbek 0-0: Called Strike
0-1: Called Strike
0-2: Ground out 6-3 (Groundball, 6D, EV 100.6 MPH)
Bottom of the 1st over - 0 runs, 0 hits, 0 errors, 0 left on base; Minnesota 0 - New York 0
TOP OF THE 2ND
Minnesota Twins batting - Pitching for New York Yankees : RHP Mike Parrott
Batting: RHB Randy Edwards 0-0: Ball
1-0: Called Strike
1-1: Fly out, F5 (Popup, 5L, EV 75.6 MPH)
Batting: RHB George Foster 0-0: Foul Ball, location: 2F
0-1: Foul Ball, location: 2F
0-2: Ball
1-2: Foul Ball, location: 2F
1-2: Ground out 6-3 (Groundball, 6, EV 98.8 MPH)
Batting: RHB Matt Cooper 0-0: Called Strike
0-1: SINGLE (Line Drive, 6M, EV 95.6 MPH)
Batting: RHB Chet Lemon 0-0: Ball
1-0: Called Strike
1-1: Ball
2-1: Called Strike
2-2: Fly out, F4 (Popup, 3D, EV 63.8 MPH)
Top of the 2nd over - 0 runs, 1 hit, 0 errors, 1 left on base; Minnesota 0 - New York 0
BOTTOM OF THE 2ND
New York Yankees batting - Pitching for Minnesota Twins : RHP John Martin
Batting: LHB George Kaage 0-0: Called Strike
0-1: Foul Ball, location: 2F
0-2: Ball
1-2: Ball
2-2: Ground out 4-3 (Groundball, 4, EV 106.3 MPH)
Batting: RHB Pedro Guerrero 0-0: Foul Ball, location: 2F
0-1: Fly out, F8 (Flyball, 8RD, EV 106.9 MPH)
Batting: SHB Tim Raines 0-0: Called Strike
0-1: Ball
1-1: Ball
2-1: Called Strike
2-2: SINGLE (Line Drive, 89S, EV 94.4 MPH)
Batting: RHB Rod Allen 0-0: Ball
1-0: Foul Ball, location: 2F
1-1: DOUBLE (Line Drive, 89D, EV 104.4 MPH)
Tim Raines to third
Runner from 3rd tries for Home, SAFE, no throw by CF
Batting: LHB Denny Porter 0-0: Ball
1-0: Ball
2-0: Foul Ball, location: 2F
2-1: Called Strike
2-2: Ball
3-2: Foul Ball, location: 2F
3-2: Strikes out swinging
Bottom of the 2nd over - 1 run, 2 hits, 0 errors, 1 left on base; Minnesota 0 - New York 1
TOP OF THE 3RD
Minnesota Twins batting - Pitching for New York Yankees : RHP Mike Parrott
Batting: RHB Aurelio Rodriguez 0-0: Called Strike
0-1: Foul Ball, location: 2F
0-2: Ball
1-2: Fly out, F7 (Flyball, 78M, EV 89.4 MPH)
Batting: LHB Ken Oberkfell 0-0: Ground out 4-3 (Groundball, 4, EV 84.4 MPH)
Batting: RHB Lee Lacy 0-0: Ball
1-0: Called Strike
1-1: Fly out, F4 (Line Drive, 4, EV 73.1 MPH)
Top of the 3rd over - 0 runs, 0 hits, 0 errors, 0 left on base; Minnesota 0 - New York 1
BOTTOM OF THE 3RD
New York Yankees batting - Pitching for Minnesota Twins : RHP John Martin
Batting: RHB Emanuel Cortez 0-0: Called Strike
0-1: Ball
1-1: Fly out, F8 (Flyball, 8RD, EV 93.8 MPH)
Batting: LHB Wade Boggs 0-0: Called Strike
0-1: Foul Ball, location: 2F
0-2: Ball
1-2: Foul Ball, location: 2F
1-2: Ball
2-2: Ball
3-2: Fly out, F8 (Flyball, 8LXD, EV 103.1 MPH)
Batting: SHB Willie Wilson 0-0: Called Strike
0-1: Ball
1-1: Ball
2-1: Fly out, F9 (Line Drive, 9, EV 95.0 MPH)
Bottom of the 3rd over - 0 runs, 0 hits, 0 errors, 0 left on base; Minnesota 0 - New York 1
TOP OF THE 4TH
Minnesota Twins batting - Pitching for New York Yankees : RHP Mike Parrott
Batting: LHB Lloyd Moseby 0-0: Swinging Strike
0-1: Hit by Pitch
Batting: RHB Steve Brye 0-0: Called Strike
Lloyd Moseby steals 2nd base
0-1: Swinging Strike
0-2: Fly out, F7 (Flyball, 7, EV 86.9 MPH)
Batting: RHB Randy Edwards 0-0: Swinging Strike
0-1: Ball
1-1: Foul Ball, location: 2F
1-2: Ball
2-2: Strikes out swinging
Batting: RHB George Foster 0-0: Ground out 6-3 (Groundball, 6, EV 92.5 MPH)
Top of the 4th over - 0 runs, 0 hits, 0 errors, 1 left on base; Minnesota 0 - New York 1
BOTTOM OF THE 4TH
New York Yankees batting - Pitching for Minnesota Twins : RHP John Martin
Batting: LHB Kent Hrbek 0-0: Swinging Strike
0-1: Foul Ball, location: 2F
0-2: Ground out 1-3 (Groundball, P, EV 72.5 MPH)
Batting: LHB George Kaage 0-0: Ground out 4-3 (Groundball, 4, EV 81.3 MPH)
Batting: RHB Pedro Guerrero 0-0: Ball
1-0: Swinging Strike
1-1: Ball
2-1: Foul Ball, location: 2F
2-2: Strikes out swinging
Bottom of the 4th over - 0 runs, 0 hits, 0 errors, 0 left on base; Minnesota 0 - New York 1
TOP OF THE 5TH
Minnesota Twins batting - Pitching for New York Yankees : RHP Mike Parrott
Batting: RHB Matt Cooper 0-0: Ball
1-0: Ball
2-0: Ball
3-0: Base on Balls
Batting: RHB Chet Lemon 0-0: Sac Bunt to 3S - play at first, batter OUT! 3-1
Matt Cooper to second
Batting: RHB Aurelio Rodriguez 0-0: Foul Ball, location: 2F
0-1: Called Strike
0-2: Reached on error, E4 (Groundball, 4, EV 89.4 MPH)
Matt Cooper scores
Batting: LHB Ken Oberkfell 0-0: Foul Ball, location: 2F
0-1: Called Strike
0-2: Ball
1-2: Ball
2-2: Foul Ball, location: 2F
2-2: Foul Ball, location: 2F
2-2: Fly out, F9 (Line Drive, 9, EV 96.3 MPH)
Batting: RHB Lee Lacy 0-0: Swinging Strike
0-1: Ground out 6-3 (Groundball, 6, EV 80.6 MPH)
Top of the 5th over - 1 run, 0 hits, 1 error, 1 left on base; Minnesota 1 - New York 1
BOTTOM OF THE 5TH
New York Yankees batting - Pitching for Minnesota Twins : RHP John Martin
Batting: SHB Tim Raines 0-0: Ball
1-0: Called Strike
1-1: Ball
2-1: Ground out 6-3 (Groundball, 6M, EV 88.8 MPH)
Batting: RHB Rod Allen 0-0: Ball
1-0: Ground out 6-3 (Groundball, 56, EV 83.1 MPH)
Batting: LHB Denny Porter 0-0: Ball
1-0: Ball
2-0: Foul Ball, location: 2F
2-1: SINGLE (Flyball, 9S, EV 86.9 MPH)
Batting: RHB Emanuel Cortez 0-0: Ball
1-0: Fielders Choice at 2nd, 6-4 (Groundball, 6, EV 91.9 MPH)
Bottom of the 5th over - 0 runs, 1 hit, 0 errors, 1 left on base; Minnesota 1 - New York 1
TOP OF THE 6TH
Minnesota Twins batting - Pitching for New York Yankees : RHP Mike Parrott
Batting: LHB Lloyd Moseby 0-0: Called Strike
0-1: Ball
1-1: Hit by Pitch
Batting: RHB Steve Brye 0-0: Ball
1-0: Ball
2-0: Called Strike
2-1: Ball
3-1: Foul Ball, location: 2F
3-2: Ground out 5-3 (Groundball, 56S, EV 66.9 MPH)
Lloyd Moseby to second
Batting: RHB Randy Edwards 0-0: Foul Ball, location: 2F
0-1: Ball
1-1: Ball
2-1: Ball
3-1: Called Strike
3-2: Strikes out swinging
Batting: RHB George Foster 0-0: Ball
1-0: Swinging Strike
1-1: Swinging Strike
1-2: Strikes out swinging
Top of the 6th over - 0 runs, 0 hits, 0 errors, 1 left on base; Minnesota 1 - New York 1
BOTTOM OF THE 6TH
New York Yankees batting - Pitching for Minnesota Twins : RHP John Martin
Batting: LHB Wade Boggs 0-0: Ball
1-0: Foul Ball, location: 2F
1-1: Ball
2-1: Ball
3-1: SINGLE (Line Drive, 89M, EV 95.0 MPH)
Batting: SHB Willie Wilson 0-0: Swinging Strike
0-1: DOUBLE (Line Drive, 9LM, EV 107.5 MPH)
Wade Boggs to third
Runner from 3rd tries for Home, SAFE, no throw by RF
Batting: LHB Kent Hrbek 0-0: Ball
1-0: Called Strike
1-1: Ball
2-1: Fly out, F7 (Flyball, 7S, EV 84.4 MPH)
Batting: LHB George Kaage 0-0: Called Strike
0-1: Ball
1-1: Reached on error, E5 (Groundball, 56, EV 86.3 MPH)
Willie Wilson to third
Batting: RHB Pedro Guerrero 0-0: Ball
1-0: Foul Ball, location: 2F
1-1: Ball
2-1: Grounds into double play, 6-4-3 (Groundball, 6, EV 95.6 MPH)
Bottom of the 6th over - 1 run, 2 hits, 1 error, 1 left on base; Minnesota 1 - New York 2
TOP OF THE 7TH
Minnesota Twins batting - Pitching for New York Yankees : RHP Mike Parrott
Batting: RHB Matt Cooper 0-0: Called Strike
0-1: Ground out 4-3 (Groundball, 4, EV 87.5 MPH)
Batting: RHB Chet Lemon 0-0: Hit by Pitch
Pinch Hitting: SHB Jerry Mumphrey 0-0: Ball
1-0: Foul Ball, location: 2F
1-1: Ball
Chet Lemon is caught stealing 2nd base 2-6
2-1: Ball
3-1: Foul Ball, location: 2F
3-2: Foul Ball, location: 2F
3-2: Foul Ball, location: 2F
3-2: Strikes out swinging
Top of the 7th over - 0 runs, 0 hits, 0 errors, 0 left on base; Minnesota 1 - New York 2
BOTTOM OF THE 7TH
New York Yankees batting - Pitching for Minnesota Twins : RHP John Martin
Now at 2B: Taylor Duncan
Batting: SHB Tim Raines 0-0: Called Strike
0-1: Swinging Strike
0-2: Fly out, F7 (Line Drive, 7, EV 91.9 MPH)
Batting: RHB Rod Allen 0-0: Ball
1-0: Ground out 5-3 (Groundball, 56, EV 101.3 MPH)
Batting: LHB Denny Porter 0-0: SOLO HOME RUN (Flyball, 7LD, EV 90.0 MPH), Distance : 349 ft
Batting: RHB Emanuel Cortez 0-0: Called Strike
0-1: Fly out, F7 (Flyball, 78S, EV 88.8 MPH)
Bottom of the 7th over - 1 run, 1 hit, 0 errors, 0 left on base; Minnesota 1 - New York 3
TOP OF THE 8TH
Minnesota Twins batting - Pitching for New York Yankees : RHP Mike Parrott
Now at C: Ron Hassey
Now in CF: Larry Hyman
Batting: LHB Ken Oberkfell 0-0: SINGLE (Line Drive, 6MD, EV 96.9 MPH)
Batting: RHB Lee Lacy 0-0: Called Strike
0-1: Called Strike
0-2: Foul Ball, location: 2F
0-2: Strikes out swinging
Batting: LHB Lloyd Moseby 0-0: Fly out, F7 (Line Drive, 7, EV 107.5 MPH)
Batting: RHB Steve Brye 0-0: Called Strike
0-1: Ball
1-1: Ball
2-1: Called Strike
2-2: Ball
3-2: SINGLE (Flyball, 34D, EV 90.0 MPH)
Ken Oberkfell to second
Ken Oberkfell to third
Batting: RHB Randy Edwards 0-0: Fly out, F8 (Flyball, 8LS, EV 86.3 MPH)
Top of the 8th over - 0 runs, 2 hits, 0 errors, 2 left on base; Minnesota 1 - New York 3
BOTTOM OF THE 8TH
New York Yankees batting - Pitching for Minnesota Twins : RHP John Martin
Batting: LHB Wade Boggs 0-0: Ground out U3 (Groundball, 3, EV 99.4 MPH)
Batting: SHB Willie Wilson 0-0: Called Strike
0-1: Ball
1-1: Ground out 4-3 (Groundball, 34, EV 83.8 MPH)
Batting: LHB Kent Hrbek 0-0: Ball
1-0: Ball
2-0: Foul Ball, location: 2F
2-1: Foul Ball, location: 2F
2-2: DOUBLE (Line Drive, 78M, EV 103.1 MPH)
Pitching: RHP Scott Brown
Batting: LHB George Kaage 0-0: Called Strike
0-1: Swinging Strike
0-2: Fly out, F6 (Flyball, 5D, EV 83.8 MPH)
Bottom of the 8th over - 0 runs, 1 hit, 0 errors, 1 left on base; Minnesota 1 - New York 3
TOP OF THE 9TH
Minnesota Twins batting - Pitching for New York Yankees : RHP Mike Parrott
Batting: RHB George Foster 0-0: Foul Ball, location: 2F
0-1: SOLO HOME RUN (Flyball, 7D, EV 91.9 MPH), Distance : 417 ft
Batting: RHB Matt Cooper 0-0: Ground out 6-3 (Groundball, 6S, EV 88.8 MPH)
Batting: RHB Chet Lemon 0-0: Called Strike
0-1: SINGLE (Groundball, 6MD, EV 99.4 MPH)
Pinch Hitting: RHB Brook Jacoby 0-0: Ball
1-0: Ball
2-0: Called Strike
2-1: Foul Ball, location: 2F
2-2: Foul Ball, location: 2F
2-2: Fly out, F9 (Line Drive, 9, EV 92.5 MPH)
Pitching: RHP Manny Sarmiento
Batting: LHB Ken Oberkfell 0-0: Called Strike
0-1: SINGLE (Line Drive, 8RS, EV 98.8 MPH)
Chet Lemon to second
Runner from 2nd tries for 3rd, SAFE, throw by CF made to third
Batting: RHB Lee Lacy 0-0: Ball
1-0: Fielders Choice at 2nd, 5-4 (Groundball, 5L, EV 107.5 MPH)
Top of the 9th over - 1 run, 3 hits, 0 errors, 2 left on base; Minnesota 2 - New York 3
Wednesday, August 26th, 2020 - OOTP Baseball 21.5 Build 76